 Dungeon Crawl Stone Soup version 0.23-a0-644-gb60d84b (webtiles) character file.

415 Borgoz the Ruffian (level 6, -11/51 HPs)
             Began as a Ghoul Gladiator on Jan 1, 2019.
             Mangled by an orc wizard
             ... wielding a +0 dagger of electrocution
              (12 damage)
             ... on level 4 of the Dungeon.
             The game lasted 00:04:34 (2551 turns).

Borgoz the Ruffian (Ghoul Gladiator)                Turns: 2551, Time: 00:04:35

Health: -11/51     AC:  4    Str: 18    XL:     6   Next: 91%
Magic:  7/7        EV: 13    Int:  3    God:
Gold:   130        SH:  0    Dex: 12    Spells: 8/8 levels left

rFire    . . .     SeeInvis .     - Unarmed
rCold    + . .     Gourm    .   (no shield)
rNeg     + + +     Faith    .   a - +0 leather armour
rPois    ∞         Spirit   .   b - +0 helmet
rElec    .         Reflect  .   (no cloak)
rCorr    .         Harm     .   (no gloves)
MR       .....                  (no boots)
Stlth    +.........             (no amulet)
HPRegen  0.00/turn              (no ring)
MPRegen  0.10/turn              (no ring)

@: rotting
A: rotting body, claws 1, carnivore, cold resistance 1, negative energy
resistance 3, inhibited regeneration, torment resistance, unbreathing
a: no special abilities


You were on level 4 of the Dungeon.
You were not hungry.

You visited 1 branch of the dungeon, and saw 4 of its levels.

You collected 130 gold pieces.

Inventory:

Missiles
 c - 3 throwing nets (quivered)
Armour
 a - a +0 leather armour (worn)
 b - a +0 helmet (worn)
 i - a scarf of repulsion
Jewellery
 v - an uncursed ring of positive energy {unknown}
Wands
 p - a wand of disintegration (14)
 s - a wand of scattershot (8)
Scrolls
 g - 3 scrolls of remove curse {unknown}
 h - 2 scrolls of identify {unknown}
 j - a scroll of enchant weapon {unknown}
 l - 2 scrolls of enchant armour {unknown}
 m - 2 scrolls of immolation {unknown}
 n - 2 scrolls of fear {unknown}
 r - 2 scrolls of amnesia {unknown}
 u - a scroll of teleportation {unknown}
Potions
 e - a potion of ambrosia
 f - a potion of haste {unknown}
 k - 2 potions of lignification {unknown}
 o - a potion of might {unknown}
 q - a potion of agility {unknown}
 t - a potion of cancellation {unknown}
Comestibles
 d - 4 rations
 w - 4 chunks of flesh


   Skills:
 + Level 3.3 Fighting
 - Level 1.7 Throwing
 * Level 3.2 Armour
 * Level 4.2 Dodging
 + Level 4.3 Unarmed Combat
 + Level 1.8 Spellcasting


You had 8 spell levels left.
You didn't know any spells.
Your spell library was empty.

Dungeon Overview and Level Annotations

Branches:
Dungeon (4/15)
 Temple: D:4-7

Altars:
Kikubaaqudgha
The Shining One


Innate Abilities, Weirdness & Mutations

Your body is rotting away.
You thrive on raw meat.
You are immune to poison.
You have sharp fingernails.
You are carnivorous and can eat meat at any time.
Your flesh is cold resistant. (rC+)
You are immune to negative energy. (rN+++)
You do not regenerate when monsters are visible.
You are immune to unholy pain and torment.
You can survive without breathing.


Message History

The orc wizard casts a spell at you. You resist with some effort.
You scratch the orc wizard but do no damage.
The orc wizard is severely wounded.
You scratch the orc wizard.
The orc wizard is almost dead.
The orc wizard points at you and mumbles some strange words.
The magic dart hits you!
You claw the orc wizard!
You kill the orc wizard!
Something hits you.
You are electrocuted!
* * * LOW HITPOINT WARNING * * *
You are too injured to fight recklessly!
You hear some strange, mumbled words.
A puff of flame appears from out of thin air!
The puff of flame hits you!
* * * LOW HITPOINT WARNING * * *
There is a stone staircase leading up here.
Something hits you but does no damage.
You are electrocuted!
You die...

###
#@#
#.#
#.#
#o#
#l#


wo. ..... .....=# ........ You could see an iguana, a dart slug and 2 orcs.

Vanquished Creatures
  An ice beast (D:3)
  A crimson imp (D:3)
  Ijyb (D:3)
  Natasha (thrice) (D:3)
  An orc wizard (D:4)
  Terence (D:2)
  5 adders
  2 oozes
  2 worms
  A dart slug (D:3)
  3 orcs
  3 ball pythons
  9 bats
  4 giant cockroaches
  5 goblins
  11 hobgoblins
  6 jackals
  11 kobolds
  3 quokkas
  4 frilled lizards (D:1)
  4 rats
81 creatures vanquished.

Notes
Turn   | Place    | Note
-------+----------+-------------------------------------------
     0 | D:1      | Borgoz the Ghoul Gladiator began the quest for the Orb.
     0 | D:1      | Reached XP level 1. HP: 17/17 MP: 0/0
    70 | D:1      | Reached XP level 2. HP: 20/24 MP: 1/1
   273 | D:1      | Reached skill level 1 in Armour
   409 | D:1      | Reached XP level 3. HP: 30/30 MP: 2/2
  1058 | D:2      | Found a faded altar of an unknown god.
  1287 | D:2      | Noticed Terence
  1305 | D:2      | Killed Terence
  1305 | D:2      | Reached XP level 4. HP: 12/37 MP: 2/4
  1829 | D:3      | Reached skill level 1 in Spellcasting
  1866 | D:3      | Reached XP level 5. HP: 13/42 MP: 5/5
  1899 | D:3      | Noticed Natasha
  1904 | D:3      | Found an ancient bone altar of Kikubaaqudgha.
  1910 | D:3      | Killed Natasha
  1978 | D:3      | Noticed Natasha
  1995 | D:3      | Killed Natasha
  2030 | D:3      | Noticed Ijyb
  2033 | D:3      | Noticed an ice beast
  2059 | D:3      | Killed Ijyb
  2059 | D:3      | Reached XP level 6. HP: 43/51 MP: 5/7
  2067 | D:3      | Killed an ice beast
  2377 | D:3      | Found a glowing golden altar of the Shining One.
  2415 | D:3      | Noticed Natasha
  2427 | D:3      | Killed Natasha
  2549 | D:4      | HP: 1/51 [something/puff of flame (11)]
  2551 | D:4      | Mangled by an orc wizard

Vault maps used:
D:1:      dpeg_arrival_radiant
D:2:      chequers_ecumenical_altar_simple_redux, uniq_terence
D:3:      kiku_gazebo_pond_becter, tso_altar, uniq_natasha, uniq_ijyb
D:4:      eat_drink_and_be_merry_uskayaw, serial_shops, nicolae_shop_statue_plus

Skill      XL: |  1  2  3  4  5  6 |
---------------+-------------------+-----
Armour         | 1 2 3 |  3.2
Dodging        | 3 4 |  4.2
Spellcasting   | 1 |  1.8
Unarmed Combat | 4 |  4.3
Fighting       | 3 |  3.3
Throwing       | |  1.7

Action                   |  1- 3 |  4- 6 || total
-------------------------+-------+-------++-------
Melee: Unarmed           |   162 |   203 ||   365
       Punch             |       |     3 ||     3
  Use: Potion            |       |     1 ||     1
  Eat: Chunk             |    10 |    20 ||    30
Armor: Leather armour    |    53 |    34 ||    87
Dodge: Dodged            |   118 |   106 ||   224

Table legend:
 A = Non-vault XP
 B = Vault XP
 C = Vault XP percentage of total XP
 D = Non-vault monster count
 E = Vault monster count
 F = Vault count percentage of total count
                 A         B        C        D         E       F
            +---------+---------+-------+---------+---------+-------
      Total |     489 |     104 |  17.5 |      78 |       3 |   3.7
            +---------+---------+-------+---------+---------+-------
        D:1 |      52 |       0 |   0.0 |      34 |       0 |   0.0
        D:2 |      67 |      32 |  32.3 |      16 |       1 |   5.9
        D:3 |     324 |      72 |  18.2 |      25 |       2 |   7.4
        D:4 |      46 |       0 |   0.0 |       3 |       0 |   0.0
            +---------+---------+-------+---------+---------+-------
